 Dungeon Crawl Stone Soup version 0.21.1-1-g345015f (webtiles) character file.

90213 Monsterracer the Carver (level 15, -4/110 HPs)
             Began as a Barachi Ice Elementalist on Feb 17, 2018.
             Was a High Priest of Hepliaklqana.
             Shot with a bolt by a yaktaur (15 damage)
             ... on level 14 of the Dungeon.
             The game lasted 01:46:30 (39366 turns).

Monsterracer the Carver (Barachi Ice Elementalist) Turns: 39366, Time: 01:46:31

Health: -4/110     AC: 22    Str:  9    XL:     15   Next: 99%
Magic:  1/28       EV: 19    Int: 27    God:    Hepliaklqana [*****.]
Gold:   476        SH:  8    Dex: 16    Spells: 2/32 levels left

rFire    + . .     SeeInvis .   a - +4 scimitar
rCold    . . .     Gourm    .   P - +0 buckler
rNeg     . . .     Faith    .   Q - +2 robe {MR+}
rPois    +         Spirit   .   p - +2 helmet
rElec    .         Reflect  +   n - +2 cloak
rCorr    .         Harm     .   J - +1 pair of gloves of a treasure trove {Dex+3}
MR       ++...                  (no boots)
Stlth    +++.......             j - +3 amulet of reflection
HPRegen  0.28/turn              W - ring "Misye" {Wiz rPois rF+ Slay+2 Stlth+}
MPRegen  0.21/turn              R - +5 ring of intelligence

@: icy armour, very slow
A: +LOS, swims, reduced essence, slowness 1, strong legs 2
a: Hop, Recall Ancestor, Ancestor Identity, Transference, Idealise, Renounce
Religion


You were on level 14 of the Dungeon.
You worshipped Hepliaklqana.
Hepliaklqana was extremely pleased with you.
You were very hungry.

You visited 4 branches of the dungeon, and saw 23 of its levels.

You collected 2460 gold pieces.
You spent 1984 gold pieces at shops.

Inventory:

Hand Weapons
 a - a +4 scimitar (weapon)
Missiles
 E - 2 throwing nets (quivered)
Armour
 k - a +1 leather armour of cold resistance
 n - a +2 cloak (worn)
 p - a +2 helmet (worn)
 J - the +1 pair of gloves of a treasure trove (worn) {Dex+3}
   (You acquired it on level 10 of the Dungeon)

   It affects your dexterity (+3).
 L - a scarf of resistance
 P - a +0 buckler (worn)
 Q - a +2 robe of magic resistance (worn)
Magical Staves
 b - an uncursed staff of conjuration {!a}
Jewellery
 j - a +3 amulet of reflection (around neck)
 F - the ring of Vehumet's Delight {rPois rF+ MR+ Int-2 SInv}
   (You found it on level 12 of the Dungeon)

   [ring of see invisible]

   It affects your intelligence (-2).
   It protects you from fire.
   It protects you from poison.
   It affects your resistance to hostile enchantments.
   It lets you see invisible.
 R - a +5 ring of intelligence (right hand)
 W - the ring "Misye" (left hand) {Wiz rPois rF+ Slay+2 Stlth+}
   (You bought it in a shop on level 2 of the Orcish Mines)

   [ring of wizardry]

   It improves your spell success rate.
   It affects your accuracy and damage with ranged weapons and melee attacks
   (+2).
   It protects you from fire.
   It protects you from poison.
   It makes you more stealthy.
 X - a +6 ring of strength
Wands
 t - a wand of paralysis (12)
 u - a wand of flame (37)
 x - a wand of polymorph (20)
 y - a wand of iceblast (33)
 B - a wand of digging (12)
 C - a wand of acid (21)
 I - a wand of scattershot (14)
 U - a wand of clouds (6)
Scrolls
 f - 4 scrolls of amnesia
 i - 4 scrolls of magic mapping {!r}
 m - 12 scrolls of teleportation
 o - 6 scrolls of remove curse
 s - 2 scrolls of fog
 w - 4 scrolls of enchant weapon
 G - 4 scrolls of identify
 H - 2 scrolls of blinking
 N - 2 scrolls of enchant armour
 S - a scroll of fear {!r}
 Z - a scroll of holy word
Potions
 d - 6 potions of might
 e - 2 potions of mutation {!q}
 g - 2 potions of agility
 h - a potion of ambrosia {!q}
 l - 7 potions of lignification
 q - 3 potions of magic
 r - 7 potions of curing
 v - 3 potions of heal wounds
 z - 5 potions of flight
 M - 4 potions of haste
 O - 2 potions of brilliance
 T - a potion of invisibility
Miscellaneous
 A - a box of beasts
 K - a fan of gales
 V - a crystal ball of energy
 Y - a lamp of fire
Comestibles
 c - 34 rations


   Skills:
 + Level 13.0 Fighting
 - Level 14.0 Long Blades
 - Level 5.0 Armour
 - Level 10.0 Dodging
 - Level 1.7 Stealth
 - Level 4.0 Shields
 + Level 9.1 Spellcasting
 * Level 11.6 Conjurations
 - Level 5.0 Charms
 - Level 3.0 Summonings
 + Level 11.0 Ice Magic
 + Level 6.8 Air Magic
 + Level 8.7 Invocations
 - Level 3.0 Evocations


You had 2 spell levels left.
You knew the following spells:

 Your Spells              Type           Power        Failure   Level  Hunger
a - Freeze                Ice            ####         1%          1    None
b - Conjure Flame         Conj/Fire      #####...     1%          3    None
c - Ozocubu's Armour      Chrm/Ice       ######..     1%          3    None
d - Throw Icicle          Conj/Ice       ######..     1%          4    #......
e - Airstrike             Air            #####.....   1%          4    #......
f - Summon Ice Beast      Ice/Summ       ######..     1%          4    #......
g - Mephitic Cloud        Conj/Pois/Air  #####...     1%          3    None
h - Freezing Cloud        Conj/Ice/Air   ######....   5%          6    ######.
u - Swiftness             Chrm/Air       #####...     1%          2    None


Dungeon Overview and Level Annotations

Branches:
Dungeon (14/15)            Temple (1/1) D:6            Lair (6/6) D:10
  Swamp (0/4) Lair:4        Snake (0/4) Lair:3        Slime (0/5) Lair:6
    Orc (2/2) D:9             Elf (0/3) Orc:2
 Vaults: D:13-14

Altars:
Ashenzari
Cheibriados
Dithmenos
Elyvilon
Fedhas
Gozag
Hepliaklqana
Kikubaaqudgha
Makhleb
Nemelex Xobeh
Okawaru
Qazlal
Ru
Sif Muna
Trog
Uskayaw
Vehumet
Wu Jian
Xom
Yredelemnul
Zin
The Shining One

Shops:
D:6 %=   D:11 :   Orc:1 %   Orc:2 ?=(:?


Innate Abilities, Weirdness & Mutations

Shadows flee at your approach. (+LOS)
You can swim through water.
You cover ground slowly.
You can hop long distances.
Your life essence is reduced to manifest your ancestor. (-10% HP)


Message History

[Y]es or [N]o only, please.
Really walk into that cloud of freezing vapour?
Okay, then.
Unknown command.
You slash the cyclops!
The cyclops is severely wounded.
You block the cyclops's attack.
You slash the cyclops!
The cyclops is almost dead.
A yaktaur comes into view. It is wielding a spear.
You slash the cyclops!
You kill the cyclops!
The yaktaur moves out of view.
The yaktaur wields an arbalest.
The yaktaur shoots a bolt.
You reflect the bolt off an invisible shield around you!
The bolt hits the yaktaur!!
You block the crimson imp's attack.
The crimson imp hits you but does no damage.
A yaktaur comes into view. It is wielding a spear.
You block the crimson imp's attack. The crimson imp misses you.
The yaktaur hits you from afar with a spear!
You take 15 damage, and have 68/110 hp.
You block the crimson imp's attack.
The yaktaur hits you from afar with a spear.
You take 5 damage, and have 63/110 hp.
Casting: Freezing Cloud
Confirm with . or Enter, or press ? or * to list all spells.
A film of ice covers your body!
The yaktaur shouts!
You hear a shout!
The crimson imp blinks!
The yaktaur closely misses you.
You now have 11/28 mp.
The yaktaur closely misses you.
b - an uncursed staff of conjuration (weapon)
{!a} The yaktaur shoots a bolt.
You reflect the bolt off an invisible shield around you!
The bolt hits the yaktaur!!
The yaktaur dies!
Casting: Ozocubu's Armour
Confirm with . or Enter, or press ? or * to list all spells.
Aiming: Freezing Cloud
Press: ? - help, Dir - move target cursor You feel a surge of power!
The yaktaur is engulfed in freezing vapours.
The yaktaur misses you.
The yaktaur unwields an uncursed halberd.
The yaktaur wields an arbalest.
The yaktaur shoots a bolt.
The bolt hits you!
* * * LOW HITPOINT WARNING * * *
The yaktaur is engulfed in freezing vapours.
The yaktaur unwields an uncursed spear.
The yaktaur wields an arbalest.
The yaktaur shoots a bolt.
The bolt misses you.
You take 10 damage, and have 54/110 hp.
You now have 6/28 mp.
The yaktaur is engulfed in freezing vapours.
The yaktaur hits you but does no damage.
The yaktaur is engulfed in freezing vapours.
The yaktaur closely misses you.
Found a mace.
Things that are here:
4 large rocks; a cyclops corpse Really attack while wielding your uncursed staff of conjuration {!a}?
Okay, then.
Casting: Freezing Cloud
Confirm with . or Enter, or press ? or * to list all spells.
Okay, then.
a - a +4 scimitar (weapon)
The yaktaur is engulfed in freezing vapours.
You barely miss the yaktaur.
The yaktaur is heavily wounded.
The yaktaur is engulfed in freezing vapours.
The yaktaur hits you with a spear!
* * * LOW HITPOINT WARNING * * *
The yaktaur is engulfed in freezing vapours.
You take 10 damage, and have 45/110 hp.
You slash the yaktaur!
You kill the yaktaur!
b - an uncursed staff of conjuration (weapon)
{!a} The yaktaur is engulfed in freezing vapours.
The yaktaur unwields an uncursed arbalest.
The yaktaur wields an uncursed spear.
The yaktaur hits you with an uncursed spear!!
* * * LOW HITPOINT WARNING * * *
You take 18 damage, and have 27/110 hp.
Casting: Freezing Cloud
Confirm with . or Enter, or press ? or * to list all spells.
Aiming: Freezing Cloud
Press: ? - help, Dir - move target cursor You feel a surge of power!
You are feeling very hungry.
The yaktaur is engulfed in freezing vapours. x2
You kill the yaktaur!
You now have 1/28 mp.
a - a +4 scimitar (weapon)
The yaktaur is engulfed in freezing vapours.
The yaktaur is engulfed in freezing vapours.
The yaktaur shoots a bolt.
The bolt hits you!
* * * LOW HITPOINT WARNING * * *
You take 17 damage, and have 11/110 hp.
The yaktaur is engulfed in freezing vapours.
The yaktaur shoots a bolt.
The bolt hits you!
You die...

....#.# .#.##.# .#.##.#
### ##.##.######.##
##.##.........###########
##.#######.(...#§)§.....
....†.......(.((§§..#
##.#######.....#(##(#
##.# ##...##@# ...#
##.###§§..§.# ##(# ....
§§c§§§..# #.#
#######§§§§)..# #.#
#.#§§§#.# #.# #.##§## #
#.# #.. .( #.. ... #..
...


You could see a yaktaur.

Vanquished Creatures
  An orc warlord (Orc:1)
  The ghost of Baghtru the Cleaver, a journeyman HOFi of the Shining One (Lair:6)
  Snorg (Lair:3)
  2 hydras
  2 centaur warriors
  9 two-headed ogres
  A catoblepas (Lair:2)
  A deep troll shaman (Lair:6)
  5 death yaks
  The ghost of Frank the Carver, a novice OpFi of Gozag (D:8)
  4 skeletal warriors
  An unseen horror (D:14)
  2 deep trolls
  The ghost of
  1994 the Ducker, a novice DDFi (D:5)
  2 orc knights (Orc:1)
  2 deep elf magi
  An orc sorcerer (Orc:1)
  A manticore (D:13)
  2 ugly things (D:11)
  3 cyclopes
  An oklob plant (Lair:2)
  A centaur zombie (D:12)
  14 elephants
  4 black mambas
  Maurice (D:8)
  2 gargoyles
  4 spiny frogs
  A centaur skeleton (D:12)
  4 komodo dragons
  2 yaktaurs (D:14)
  5 trolls
  Prince Ribbit (D:7)
  A hornet (D:13)
  A slime creature (Lair:6)
  4 blink frogs
  3 dream sheep (Lair:4)
  4 hippogriffs
  2 shadows (D:11)
  A wraith (D:13)
  2 wyverns
  20 yaks
  3 hungry ghosts
  4 hogs (D:7)
  A human (D:7)
  6 basilisks
  2 wargs
  Menkaure (D:4)
  An acid dragon (D:13)
  11 water moccasins
  7 porcupines
  21 orc warriors
  8 sky beasts
  3 ice beasts
  4 black bears
  A necrophage (D:9)
  22 ogres
  2 phantoms
  11 wolves
  5 centaurs
  8 crocodiles
  2 big kobolds
  11 bullfrogs
  3 scorpions
  4 jellies
  19 killer bees
  4 wights
  5 knights
  6 crimson imps
  2 bullfrog zombies
  11 hounds
  A quasit (D:12)
  11 orc priests
  3 bullfrog skeletons
  22 orc wizards
  Ijyb (D:2)
  2 iguanas
  A hell rat (D:10)
  14 worker ants
  A worker ant zombie (D:7)
  Robin (D:2)
  A gnoll (Orc:1)
  15 adders
  4 shadow imps
  2 oozes
  An adder zombie (D:5)
  2 adder skeletons
  3 worms
  2 dart slugs
  7 leopard geckos
  108 orcs
  A ball python (D:6)
  5 bats
  4 giant cockroaches
  2 gnoll zombies (D:8)
  19 goblins
  7 hobgoblins
  12 jackals
  8 quokkas
  5 frilled lizards
  A giant cockroach zombie (D:5)
  11 kobolds
  A quokka zombie (D:8)
  8 rats
  3 butterflies (Lair:2)
  A fungus (Lair:3)
599 creatures vanquished.

Vanquished Creatures (collateral kills)
  Kirke (Lair:5)
  3 hydras
  The ghost of Quirk the Blocker, a journeyman GnFi of Okawaru (D:9)
  A catoblepas (Lair:6)
  2 centaur warriors
  2 two-headed ogres
  2 ogre magi
  A tengu warrior (D:11)
  3 death yaks
  Urug (D:10)
  A skeletal warrior (D:13)
  3 unseen horrors
  A lindwurm (Lair:6)
  An orc sorcerer (Orc:1)
  A cyclops (D:12)
  A manticore (D:11)
  9 elephants
  2 black mambas
  A gargoyle (D:12)
  3 spiny frogs
  The ghost of sankara the Slasher, a novice HaFi (D:4)
  6 trolls
  A slime creature (Lair:6)
  6 hippogriffs
  3 blink frogs
  A dream sheep (Lair:4)
  2 wyverns
  A vampire (D:13)
  21 yaks
  2 hungry ghosts
  2 wargs (Orc:1)
  A soldier ant (D:12)
  A porcupine (Lair:2)
  An ice beast (D:9)
  12 orc warriors
  2 black bears
  An eye of draining (D:11)
  2 sky beasts
  5 ogres
  A necrophage (D:11)
  A phantom (D:9)
  A wolf (Lair:2)
  3 centaurs
  5 crocodiles
  5 bullfrogs
  2 wyvern zombies
  6 killer bees (D:12)
  7 wights
  A crimson imp (D:8)
  4 hounds
  2 jellies
  3 orc priests
  8 orc wizards
  4 worker ants
  2 hound zombies
  A hound skeleton (D:9)
  A howler monkey zombie (D:10)
  2 gnolls (Orc:1)
  A shadow imp (D:7)
  A leopard gecko (D:7)
  23 orcs
  A ball python (Lair:3)
  A jackal (D:7)
  2 kobolds (D:9)
  A plant (Lair:2)
200 creatures vanquished.

Vanquished Creatures (others)
  A rime drake (Lair:5)
  A yaktaur (D:14)
  2 humans (Lair:5)
  16 knights
  2 ancestors
  15 fungi
  32 plants
69 creatures vanquished.

Grand Total: 868 creatures vanquished

Notes
Turn   | Place    | Note
-------+----------+-------------------------------------------
     0 | D:1      | Monsterracer the Barachi Ice Elementalist began the quest for the Orb.
     0 | D:1      | Reached XP level 1. HP: 13/13 MP: 3/3
   204 | D:1      | Reached XP level 2. HP: 19/19 MP: 3/5
  1100 | D:2      | HP: 9/19 [giant cockroach (2)]
  1358 | D:2      | Reached XP level 3. HP: 24/24 MP: 5/7
  1370 | D:2      | Learned a level 3 spell: Ozocubu's Armour
  1390 | D:2      | HP: 7/24 [worm (9)]
  1670 | D:2      | Reached skill level 5 in Ice Magic
  1769 | D:2      | Found an ornate altar of the Wu Jian Council.
  1877 | D:2      | Reached XP level 4. HP: 23/30 MP: 3/8
  1883 | D:2      | Learned a level 4 spell: Throw Icicle
  2037 | D:2      | Noticed Robin
  2095 | D:2      | Killed Robin
  2652 | D:3      | Noticed Ijyb
  2666 | D:2      | Killed Ijyb
  2666 | D:2      | Reached XP level 5. HP: 34/35 MP: 0/10
  2978 | D:3      | Found a white marble altar of Elyvilon.
  3778 | D:4      | Reached XP level 6. HP: 41/41 MP: 9/11
  3784 | D:4      | Learned a level 4 spell: Summon Ice Beast
  4046 | D:4      | Found a blossoming altar of Fedhas.
  4122 | D:4      | Noticed sankara's ghost (novice HaFi)
  4484 | D:4      | Noticed Menkaure
  4504 | D:4      | Killed Menkaure
  4504 | D:4      | Reached XP level 7. HP: 28/46 MP: 2/13
  4882 | D:5      | Entered Level 5 of the Dungeon
  4889 | D:5      | HP: 20/46 [ogre/giant club (9)]
  5116 | D:5      | Noticed 1994's ghost (novice DDFi)
  5318 | D:5      | Reached skill level 5 in Conjurations
  5318 | D:5      | Reached skill level 1 in Charms
  5318 | D:5      | Reached skill level 1 in Summonings
  5318 | D:5      | Reached XP level 8. HP: 36/52 MP: 11/14
  5849 | D:5      | Found a hazy altar of Hepliaklqana.
  5849 | D:5      | Found an ancient bone altar of Kikubaaqudgha.
  5849 | D:5      | Found a bloodstained altar of Trog.
  6221 | D:5      | Became a worshipper of Hepliaklqana the Forgotten
  6334 | D:6      | Found a staircase to the Ecumenical Temple.
  6347 | D:6      | Found a radiant altar of Vehumet.
  6682 | D:6      | Reached skill level 5 in Spellcasting
  6784 | D:6      | Found Loupt's Food Emporium.
  6852 | D:6      | Found Guppasme's Jewellery Shoppe.
  7095 | D:6      | HP: 21/46 [worker ant (8)]
  7293 | D:6      | Reached XP level 9. HP: 42/52 MP: 12/16
  7618 | Temple   | Entered the Ecumenical Temple
  7726 | D:7      | Reached skill level 1 in Fighting
  7764 | D:7      | Reached * piety under Hepliaklqana
  7990 | D:7      | HP: 18/55 [wight/flail of protection (11)]
  7995 | D:7      | HP: 16/55 [wight/spear (3)]
  8008 | D:7      | HP: 12/55 [wight/long sword (6)]
  8445 | D:7      | Reached skill level 10 in Ice Magic
  8538 | D:7      | Found a shattered altar of Ashenzari.
  8595 | D:7      | HP: 24/56 [bullfrog (8)]
  8900 | D:7      | Noticed Prince Ribbit
  9067 | D:7      | Reached XP level 10. HP: 48/65 MP: 15/20
  9082 | D:7      | Reached skill level 5 in Fighting
  9228 | D:8      | Noticed Frank's ghost (novice OpFi)
  9269 | D:8      | Noticed Maurice
  9281 | D:8      | Killed Maurice
  9372 | D:8      | Found a shadowy altar of Dithmenos.
  9440 | D:8      | Got a faintly glowing dagger
  9592 | D:8      | Identified the +2 dagger of Equilibrium {drain, *Drain rC+ Str+4} (You found it on level 8 of the Dungeon)
  9637 | D:8      | Killed Frank's ghost
  9637 | D:8      | Reached skill level 5 in Dodging
  9806 | D:8      | Found a shadowy altar of Dithmenos.
  9814 | D:8      | Reached skill level 1 in Long Blades
  9889 | D:8      | Reached skill level 2 in Long Blades
 10078 | D:8      | Reached skill level 3 in Long Blades
 10288 | D:8      | Found a basalt altar of Yredelemnul.
 10479 | D:9      | Learned a level 3 spell: Mephitic Cloud
 10650 | D:9      | Noticed Quirk's ghost (journeyman GnFi)
 10653 | D:9      | Reached skill level 4 in Long Blades
 10663 | D:9      | HP: 31/68 [Quirk's ghost (14)]
 11137 | D:9      | Found a staircase to the Orcish Mines.
 11142 | D:9      | Reached skill level 5 in Long Blades
 11154 | D:9      | Reached ** piety under Hepliaklqana
 11155 | D:9      | Remembered your ancestor Gorglomux as a knight
 11503 | D:9      | Noticed a two-headed ogre
 11509 | D:9      | Killed a two-headed ogre
 11509 | D:9      | Reached skill level 1 in Invocations
 11511 | D:9      | Reached skill level 6 in Long Blades
 11689 | D:9      | HP: 34/69 [Quirk's ghost (4)]
 11691 | D:9      | HP: 11/69 [Quirk's ghost (14)]
 11691 | D:9      | HP: 2/69 [Quirk's ghost (9)]
 11696 | D:9      | HP: 3/103 [Quirk's ghost (2)]
 11696 | D:9      | Killed Quirk's ghost
 11696 | D:9      | Reached XP level 11. HP: 2/74 MP: 13/22
 12395 | D:9      | Noticed a deep elf mage
 12403 | D:9      | Killed a deep elf mage
 12403 | D:9      | Reached skill level 7 in Long Blades
 12512 | D:10     | Entered Level 10 of the Dungeon
 12524 | D:10     | Noticed a death yak
 12528 | D:10     | Noticed a death yak
 12529 | D:10     | Noticed a death yak
 12538 | D:9      | HP: 29/75 [death yak (14)]
 12545 | D:9      | Killed a death yak
 12677 | D:5      | HP: 33/75 [1994's ghost (8)]
 12682 | D:5      | HP: 26/75 [1994's ghost (8)]
 12687 | D:5      | HP: 16/75 [1994's ghost (12)]
 12993 | D:5      | HP: 35/75 [1994's ghost (7)]
 12994 | D:5      | Killed 1994's ghost
 12994 | D:5      | Reached skill level 1 in Armour
 13216 | D:4      | Killed sankara's ghost
 13323 | D:4      | Found a blossoming altar of Fedhas.
 13800 | D:7      | HP: 36/75 [Prince Ribbit (16)]
 13803 | D:7      | Killed Prince Ribbit
 14113 | D:7      | Found a shattered altar of Ashenzari.
 14424 | D:10     | Reached skill level 8 in Long Blades
 14638 | D:10     | Noticed Urug
 14686 | D:10     | HP: 26/76 [Urug/enchanted glaive (16)]
 14690 | D:10     | Killed Urug
 14690 | D:10     | Reached skill level 1 in Evocations
 15060 | D:10     | HP: 36/77 [death yak (19)]
 15117 | D:11     | HP: 36/77 [centaur/arrow (13)]
 15122 | D:11     | HP: 34/77 [centaur (2)]
 15322 | D:11     | HP: 34/77 [death yak (23)]
 15324 | D:11     | HP: 15/77 [death yak (20)]
 15330 | D:11     | Killed a death yak
 15624 | D:10     | Killed a death yak
 15782 | D:10     | Found a staircase to the Lair.
 15849 | D:10     | Identified a scroll of acquirement
 15852 | D:10     | Got a pair of translucent gloves
 15858 | D:10     | Identified the +1 pair of gloves of a treasure trove {Dex+3} (You acquired it on level 10 of the Dungeon)
 15860 | D:10     | Found a burning altar of Makhleb.
 15861 | D:10     | Noticed a deep elf mage
 15864 | D:10     | Killed a deep elf mage
 15864 | D:10     | Reached skill level 9 in Long Blades
 16292 | Lair:1   | Entered Level 1 of the Lair of Beasts
 16307 | D:10     | Reached XP level 12. HP: 49/83 MP: 10/23
 16601 | Lair:1   | Reached *** piety under Hepliaklqana
 16822 | Lair:1   | HP: 28/84 [komodo dragon (22)]
 16828 | Lair:1   | HP: 14/84 [yak (6)]
 16836 | Lair:1   | HP: 19/126 [yak (4)]
 17633 | Lair:2   | Reached skill level 10 in Long Blades
 18195 | Lair:2   | HP: 39/85 [basilisk (7)]
 18445 | Lair:2   | Noticed a catoblepas
 18467 | Lair:2   | Killed a catoblepas
 18467 | Lair:2   | Reached skill level 5 in Invocations
 19038 | Lair:3   | Reached skill level 11 in Long Blades
 19073 | Lair:3   | Reached **** piety under Hepliaklqana
 19412 | Lair:3   | Noticed Snorg
 19421 | Lair:3   | Killed Snorg
 19651 | Lair:3   | HP: 34/87 [black mamba (16)]
 19655 | Lair:3   | Gained mutation: You can hop long distances. [Barachi growth]
 19655 | Lair:3   | Reached XP level 13. HP: 33/92 MP: 1/24
 19678 | Lair:3   | HP: 37/92 [elephant (4)]
 19688 | Lair:3   | HP: 24/92 [elephant (16)]
 19699 | Lair:3   | HP: 11/92 [elephant (3)]
 19719 | Lair:3   | HP: 16/92 [elephant (1)]
 19726 | Lair:2   | HP: 9/92 [elephant (2)]
 20085 | Lair:3   | HP: 43/92 [elephant (9)]
 20090 | Lair:3   | Reached skill level 10 in Fighting
 20091 | Lair:3   | HP: 36/92 [poisoned by a black mamba]
 20098 | Lair:3   | HP: 29/92 [elephant (3)]
 20099 | Lair:3   | Reached skill level 12 in Long Blades
 20105 | Lair:3   | HP: 28/92 [poisoned by a black mamba]
 20438 | Lair:3   | Found a staircase to the Snake Pit.
 20656 | Lair:3   | Reached skill level 1 in Shields
 21155 | Lair:4   | Learned a level 2 spell: Swiftness
 21160 | Lair:4   | Learned a level 4 spell: Airstrike
 21198 | Lair:4   | HP: 45/92 [elephant (8)]
 21480 | Lair:4   | HP: 43/92 [blink frog (17)]
 21484 | Lair:4   | HP: 11/92 [elephant (13)]
 21836 | Lair:4   | HP: 42/92 [elephant (6)]
 21847 | Lair:4   | HP: 34/92 [elephant (1)]
 21910 | Lair:4   | HP: 38/92 [crocodile (12)]
 22584 | Lair:4   | Learned a level 3 spell: Conjure Flame
 22586 | Lair:4   | Found a staircase to the Swamp.
 23711 | Lair:5   | Noticed Kirke
 23726 | Lair:5   | Killed Kirke
 23726 | Lair:5   | Reached skill level 1 in Air Magic
 23895 | Lair:5   | Reached skill level 13 in Long Blades
 24481 | Lair:6   | Entered Level 6 of the Lair of Beasts
 24533 | Lair:6   | Noticed Baghtru's ghost (journeyman HOFi)
 24646 | Lair:6   | Killed Baghtru's ghost
 24646 | Lair:6   | Reached XP level 14. HP: 99/99 MP: 15/25
 24691 | Lair:6   | Found a staircase to the Slime Pits.
 24793 | Lair:6   | Reached ***** piety under Hepliaklqana
 24907 | Lair:6   | HP: 49/99 [eight-headed hydra (13)]
 25201 | Lair:6   | Got a crude robe
 25212 | Lair:6   | Identified the cursed +0 robe "Eriuradi" {rPois Dex+2} (You found it on level 6 of the Lair of Beasts)
 25310 | Lair:6   | HP: 48/99 [yak (3)]
 25840 | Lair:6   | Reached skill level 10 in Dodging
 26053 | Lair:6   | HP: 43/101 [death yak (19)]
 26730 | Lair:6   | HP: 47/101 [death yak (22)]
 26738 | Lair:6   | HP: 45/101 [death yak (5)]
 26748 | Lair:6   | HP: 21/101 [catoblepas (17)]
 27186 | Lair:6   | Reached skill level 5 in Charms
 27632 | Orc:1    | Entered Level 1 of the Orcish Mines
 27757 | Orc:1    | Found Liefeore's Food Emporium.
 27872 | Orc:1    | HP: 47/101 [orc warrior/battleaxe[an orc knight] (9)]
 28156 | Orc:2    | Entered Level 2 of the Orcish Mines
 28156 | Orc:2    | Found Qaoschesh's Magic Scroll Emporium.
 28156 | Orc:2    | Found Fitwit's Jewellery Shoppe.
 28156 | Orc:2    | Found a staircase to the Elven Halls.
 28339 | Orc:1    | HP: 49/101 [two-headed ogre/giant club (7)]
 28344 | Orc:1    | HP: 50/101 [two-headed ogre/giant club (1)]
 28371 | D:9      | HP: 27/101 [two-headed ogre/giant club (5)]
 28666 | D:9      | HP: 45/101 [deep troll (9)]
 28667 | D:9      | Reached skill level 14 in Long Blades
 29444 | Orc:2    | HP: 38/102 [two-headed ogre/giant club (20)]
 29444 | Orc:2    | HP: 16/102 [deep troll (4)]
 29778 | Orc:1    | HP: 49/102 [two-headed ogre/giant club (13)]
 30038 | Orc:1    | HP: 42/102 [two-headed ogre/giant club (11)]
 30303 | Orc:1    | Reached skill level 5 in Air Magic
 30375 | Orc:1    | Reached XP level 15. HP: 58/108 MP: 12/27
 30723 | Orc:1    | Reached skill level 10 in Conjurations
 30869 | Orc:2    | Noticed an orc warlord
 31022 | Orc:1    | HP: 42/108 [orc warlord/war axe of electrocution (15)]
 31024 | Orc:1    | HP: 16/108 [orc warlord/war axe of electrocution (26)]
 31377 | Orc:1    | HP: 43/108 [orc warlord/war axe of electrocution (18)]
 31618 | Orc:1    | HP: 52/108 [orc warlord/war axe of electrocution (19)]
 31851 | Orc:1    | HP: 43/108 [orc warlord/war axe of electrocution (17)]
 31852 | Orc:1    | HP: 21/108 [orc warlord/war axe of electrocution (22)]
 32222 | Orc:1    | HP: 53/108 [orc warlord/war axe of electrocution (18)]
 32222 | Orc:1    | HP: 23/108 [orc warlord/war axe of electrocution (12)]
 32231 | Orc:1    | Killed an orc warlord
 32579 | Orc:2    | Learned a level 6 spell: Freezing Cloud
 32696 | Orc:2    | Found a radiant altar of Vehumet.
 32697 | Orc:2    | Found Fadoih's Book Boutique.
 32747 | Orc:2    | Bought a scroll of teleportation for 51 gold pieces
 32748 | Orc:2    | Found Suybb's Magic Scroll Emporium.
 32749 | Orc:2    | Found Bacaes's Antique Weapon Emporium.
 32903 | Orc:2    | HP: 51/109 [troll (5)]
 33116 | Orc:2    | Bought the ring "Misye" {Wiz rPois rF+ Slay+2 Stlth+} for 891 gold pieces
 33121 | Orc:2    | Bought a +3 amulet of reflection for 235 gold pieces
 33198 | Orc:2    | Bought a scroll of teleportation for 42 gold pieces
 33198 | Orc:2    | Bought a scroll of teleportation for 42 gold pieces
 33198 | Orc:2    | Bought a scroll of blinking for 105 gold pieces
 34047 | Orc:2    | Bought a +5 ring of intelligence for 618 gold pieces
 34478 | D:11     | Found a burning altar of Makhleb.
 34776 | D:11     | Found Roptufy's Book Emporium.
 36559 | D:12     | Got an ancient lapis lazuli ring
 36560 | D:12     | Identified the ring of Vehumet's Delight {rPois rF+ MR+ Int-2 SInv} (You found it on level 12 of the Dungeon)
 37272 | D:13     | Reached skill level 5 in Armour
 37389 | D:12     | HP: 52/109 [skeletal warrior/dire flail[a skeletal warrior] (12)]
 37640 | D:13     | HP: 42/109 [skeletal warrior/dire flail of venom[a skeletal warrior] (19)]
 37651 | D:13     | HP: 17/109 [skeletal warrior/dire flail of venom[a skeletal warrior] (14)]
 37656 | D:13     | HP: 17/109 [skeletal warrior/dire flail of venom[a skeletal warrior] (1)]
 38416 | D:13     | HP: 49/109 [wraith (12)]
 39357 | D:14     | HP: 54/110 [yaktaur/bolt (10)]
 39362 | D:14     | HP: 27/110 [yaktaur/uncursed spear (18)]
 39365 | D:14     | HP: 11/110 [yaktaur/bolt (17)]
 39366 | D:14     | Shot with a bolt by a yaktaur

Skill      XL: |  1  2  3  4  5  6  7  8  9 10 11 12 13 14 15 |
---------------+----------------------------------------------+-----
Ice Magic      | 4 5 6 7 9 10 11 | 11.0
Spellcasting   | 3 4 5 6 7 8 9 |  9.1
Conjurations   | 2 3 5 6 7 8 9 11 | 11.6
Charms         | 1 2 3 5 |  5.0
Summonings     | 1 3 |  3.0
Fighting       | 4 6 8 9 10 12 13 | 13.0
Dodging        | 3 6 7 8 9 10 | 10.0
Long Blades    | 6 9 11 13 14 | 14.0
Invocations    | 1 3 5 6 7 8 |  8.7
Armour         | 3 4 5 |  5.0
Evocations     | 2 3 |  3.0
Shields        | 4 |  4.0
Air Magic      | 2 5 6 |  6.8
Stealth        | |  1.7

Action                   |  1- 3 |  4- 6 |  7- 9 | 10-12 | 13-15 || total
-------------------------+-------+-------+-------+-------+-------++-------
Melee: Dagger            |    48 |       |       |       |       ||    48
       Falchion          |     1 |    29 |       |       |       ||    30
       Long sword        |       |     1 |   122 |   287 |   375 ||   785
       Flail             |       |       |    16 |     7 |       ||    23
       Unarmed           |       |       |       |       |     1 ||     1
       Scimitar          |       |       |       |       |   456 ||   456
 Cast: Freeze            |    43 |    88 |   168 |   307 |   377 ||   983
       Ozocubu's Armour  |       |     1 |    18 |    37 |    58 ||   114
       Throw Icicle      |       |     2 |     6 |    47 |   157 ||   212
       Summon Ice Beast  |       |     2 |     2 |    14 |    12 ||    30
       Mephitic Cloud    |       |       |       |     2 |    13 ||    15
       Swiftness         |       |       |       |       |     5 ||     5
       Conjure Flame     |       |       |       |       |     1 ||     1
       Freezing Cloud    |       |       |       |       |    11 ||    11
       Airstrike         |       |       |       |       |     7 ||     7
Invok: Recall Ancestor   |       |       |       |     2 |    10 ||    12
       Ancestor Life: Kn |       |       |       |     1 |       ||     1
       Ancestor Identity |       |       |       |       |     2 ||     2
 Abil: Hop               |       |       |       |     6 |    14 ||    20
       Evoke Berserk Rag |       |       |       |     1 |     3 ||     4
Evoke: Wand              |       |       |       |       |     2 ||     2
  Use: Scroll            |       |    15 |     3 |    15 |     8 ||    41
       Potion            |       |       |       |     1 |       ||     1
 Stab: Sleeping          |     3 |     1 |     2 |     1 |     5 ||    12
       Distracted        |       |       |     2 |     6 |     7 ||    15
       Confused          |       |       |       |     3 |     4 ||     7
       Paralysed         |       |       |       |       |     6 ||     6
  Eat: Chunk             |     4 |     9 |    17 |    20 |    55 ||   105
       Ration            |       |       |     1 |     7 |     8 ||    16
Armor: Robe              |    17 |    23 |    71 |       |    84 ||   195
       Leather armour    |       |       |    76 |   242 |   320 ||   638
       Skin              |       |       |       |       |     2 ||     2
Dodge: Dodged            |    70 |    68 |   236 |   447 |  1082 ||  1903
Block: Buckler           |       |       |       |       |   381 ||   381
       Reflection        |       |       |       |       |    15 ||    15
       Rpst.: Falchion   |     6 |    13 |       |       |       ||    19
       Long sword        |       |    11 |    55 |   123 |   182 ||   371
       Scimitar          |       |       |       |       |    67 ||    67

Vault maps used:
D:1:      kilobyte_arrival_exit_the_forest, hangedman_abyss_or_decor_stabs
D:2:      overflow_temple_1_default, minmay_misc_feat_secret_circle, uniq_robin
D:3:      elyvilon_altar_5, uniq_ijyb
D:4:      lemuel_doored_altar, first_ration, hex_medium, uniq_menkaure
D:5:      minitemple
D:6:      lemuel_round_altar, minmay_temple_entry_trees, serial_shops, shop,
          shop_statue
D:7:      cheibrodos_ashenzari_chains, grunt_livestock, uniq_prince_ribbit1
D:8:      nicolae_dithmenos_shadow_blocks, lemuel_zombie_altar_yredelemnul,
          basic_altar, uniq_maurice
D:9:      hiddenorc2_lemuel, guppyfry_early_elven_hall
D:10:     dpeg_lair_monsters, david_defended_altar_elf, uniq_urug
D:11:     cheibrodos_ideogram_h, serial_shops, shop, bloody_makhleb
D:12:     serial_park_tiny_2
D:14:     erik_vaults_2, minmay_misc_feat_nine_boxes, enter_bailey_2,
          special_room, roderic_lattice_a
Temple:   nicolae_temple_hex_pool
Lair:1:   lab_entry_generic
Lair:2:   lemuel_fruit_fields, grunt_megastairs_4, infiniplex_staircase_pool,
          lemuel_fruit_tree, minmay_lair_oklob_chamber
Lair:3:   minmay_snake_entry_six_corridors, nicolae_quartered_pool_little,
          infiniplex_staircase_pool_2, serial_bayou_shore_b, uniq_snorg
Lair:4:   beast_lair_carwin_large_1, swamp_mist, grunt_megastairs_5
Lair:5:   uniq_kirke
Lair:6:   grunt_lair_end_beastmaster, minmay_slime_entry_pillars
Orc:1:    serial_shops, nicolae_shop_crystal
Orc:2:    st_orc_open, basic_altar, serial_shops, shop
